 Dungeon Crawl Stone Soup version 0.28-a0-957-g42eb19b844 (webtiles) character file.

Game seed: 11563845989312111014

4668 ytrimaz the Carver (level 10, -1/118 HPs)
             Began as a Human Berserker on Nov 30, 2021.
             Was an Elder of Trog.
             Slain by Grum (9 damage)
             ... on level 9 of the Dungeon.
             The game lasted 00:12:24 (11452 turns).

ytrimaz the Carver (Human Berserker)               Turns: 11452, Time: 00:12:24

Health: -1/118     AC: 16    Str: 22    XL:     10   Next: 71%
Magic:  0/10       EV:  7    Int:  7    God:    Trog [****..]
Gold:   1332       SH:  0    Dex: 13    Spells: 9/9 levels left

rFire   . . .      SeeInvis .   b - +1 demon blade (venom)
rCold   . . .      Faith    .   (no shield)
rNeg    . . .      Spirit   +   w - +0 plate armour
rPois   .          Reflect  .   v - +0 helmet
rElec   .          Harm     .   (no cloak)
rCorr   .          Rampage  .   f - +0 pair of gloves
Will    ++...                   (no boots)
Stlth   ..........              k - amulet of guardian spirit
HPRegen 1.29/turn               (no ring)
MPRegen 0.12/turn               (no ring)

@: berserking, strong-willed, regenerating, very quick
A: no striking features
a: Renounce Religion, Berserk, Trog's Hand, Brothers in Arms


You were on level 9 of the Dungeon.
You worshipped Trog.
Trog was greatly pleased with you.
You visited 2 branches of the dungeon, and saw 10 of its levels.

You collected 1332 gold pieces.

Inventory:

Hand Weapons
 b - a +1 demon blade of venom (weapon)
 i - the +1 long sword "Huenneny" {vorpal, rElec Str+3 Int+2 Dex+2}
   (You found it on level 6 of the Dungeon)

   It inflicts extra damage upon your enemies.
   Str:       It affects your strength (+3).
   Int:       It affects your intelligence (+2).
   Dex:       It affects your dexterity (+2).
   rElec:     It insulates you from electricity.
 F - a +2 great sword of draining
Missiles
 a - 6 silver javelins
 j - 5 boomerangs (quivered)
Armour
 f - a +0 pair of gloves (worn)
 v - a +0 helmet (worn)
 w - a +0 plate armour (worn)
Jewellery
 k - an amulet of guardian spirit (around neck)
 m - an amulet of magic regeneration
 t - a ring of magical power
 x - an amulet of faith
 G - a ring of flight
Wands
 q - a wand of mindburst (13)
 r - a wand of polymorph (13)
 A - a wand of flame (40)
 J - a wand of charming (12)
Scrolls
 g - a scroll of blinking
 h - a scroll of summoning
 u - 2 scrolls of holy word
 y - 4 scrolls of fog
 B - a scroll of fear
 C - 3 scrolls of magic mapping
 I - a scroll of identify
Potions
 c - 4 potions of curing
 d - a potion of resistance {unknown}
 e - a potion of haste {unknown}
 l - 2 potions of heal wounds {unknown}
 n - 2 potions of degeneration {unknown}
 o - 2 potions of magic
 p - 5 potions of lignification
 s - a potion of might {unknown}
 z - 2 potions of brilliance {unknown}
 D - 2 potions of flight {unknown}
 H - a potion of ambrosia {unknown}


   Skills:
 + Level 7.1 Fighting
 + Level 14.4 Long Blades
 + Level 7.7 Armour
 - Level 2.4 Dodging


You had 9 spell levels left.
You didn't know any spells.
Your spell library contained the following spells:

 Spells                   Type           Power      Damage    Failure   Level
 Gell's Gravitas          Tloc           0%         N/A       100%        3
 Lesser Beckoning         Tloc           0%         N/A       100%        3
 Teleport Other           Tloc           0%         N/A       100%        3


Dungeon Overview and Level Annotations

Branches:
Dungeon (9/15)             Temple (1/1) D:6            Lair (0/6) D:8
    Orc: D:9-12

Altars:
Ashenzari
Dithmenos
Elyvilon
Hepliaklqana
Kikubaaqudgha
Makhleb
Nemelex Xobeh
Qazlal
Ru
Sif Muna
Trog
Vehumet
Wu Jian
Xom
Yredelemnul
The Shining One

Annotations:
D:9 Grum


Message History

Your skin crawls.
You feel strong-willed.
The wolf bites you but does no damage. x3; The wolf bites you.
* * * LOW HITPOINT WARNING * * *
The wolf bites you.
* * * LOW HITPOINT WARNING * * *
A red film seems to cover your vision as you go berserk!
You feel yourself moving faster!
You feel mighty! Trog will no longer gift you weapons.
The wolf bites you but does no damage. x3
You barely miss the wolf.
The wolf bites you but does no damage. x2
The wolf barely misses you.
You closely miss the wolf.
The wolf bites you but does no damage. x2
You barely miss the wolf. The wolf bites you but does no damage.
Unknown command.
You barely miss the wolf. The wolf barely misses you.
The wolf closely misses you. The wolf bites you but does no damage.
You barely miss the wolf.
The wolf bites you but does no damage. x2
The wolf bites you!
* * * LOW HITPOINT WARNING * * *
Unknown command.
You slice the wolf!!
You feel the power of Trog in you as your rage grows.
You kill the wolf!
Trog accepts your kill.
Unknown command.
You miss the wolf. The wolf closely misses you.
The wolf bites you but does no damage.
Grum hits you from afar with a +1 halberd.
* * * LOW HITPOINT WARNING * * *
You slash the wolf!
The wolf looks as sick as possible!
The wolf is heavily wounded.
The wolf bites you.
* * * LOW HITPOINT WARNING * * *
The wolf bites you but does no damage.
You closely miss the wolf.
The wolf is heavily wounded.
Grum points his finger and shouts, "Spike!
Sic 'em!"
Grum hits you from afar with a +1 halberd!
You die...

........#.#.......#
........#.#.......+....
###+###'#.#......##...
..........#......#...
.............#####..
##.####.####....... #..#
#....#.#.... #..#
##.##.#.#...#
#..###...#.#.#.h@#
......._........h#
...#.#...###....g#
...#.##.## #.#...# ...#....#
# #...#########
...####.####.#...........###
.............#..............
#...#.....#..#......†.......
#. #+##### #..............


You could see Grum and 2 wolves.

Vanquished Creatures
  4 yaks (D:8)
  2 vampire mosquitoes (D:8)
  Menkaure (D:7)
  2 water moccasins
  2 orc warriors
  2 ice beasts
  A sky beast (D:8)
  2 black bears
  3 necrophages
  2 ogres
  2 wolves (D:9)
  2 centaurs
  A phantom (D:4)
  4 bullfrogs
  5 scorpions
  9 wights
  5 howler monkeys
  A centaur zombie (D:5)
  A bullfrog zombie (D:6)
  3 orc priests
  A hound (D:6)
  3 iguanas
  6 orc wizards
  Natasha (thrice) (D:3)
  Ijyb (D:4)
  2 killer bee zombies
  Robin (D:4)
  8 gnolls
  A howler monkey skeleton (D:4)
  8 adders
  A shadow imp (D:6)
  2 white imps
  An ufetubus (D:7)
  3 worms
  6 dart slugs
  20 orcs
  7 ball pythons
  7 endoplasms
  9 giant cockroaches
  14 goblins
  8 hobgoblins
  12 jackals
  9 kobolds
  7 quokkas
  5 bats
  6 frilled lizards
  11 rats
216 creatures vanquished.

Vanquished Creatures (others)
  11 plants (D:7)
11 creatures vanquished.

Grand Total: 227 creatures vanquished

Notes
Turn   | Place    | Note
-------+----------+-------------------------------------------
     0 | D:1      | ytrimaz the Human Berserker began the quest for the Orb.
     0 | D:1      | Reached XP level 1. HP: 18/18 MP: 1/1
   357 | D:1      | Reached XP level 2. HP: 23/24 MP: 2/2
   581 | D:1      | Reached XP level 3. HP: 15/29 MP: 3/3
   816 | D:1      | Found a faded altar of an unknown god.
  2070 | D:2      | Reached ** piety under Trog
  2399 | D:2      | Reached XP level 4. HP: 36/36 MP: 4/4
  2515 | D:2      | Reached skill level 4 in Long Blades
  2526 | D:2      | HP: 1/37 [gnoll (3)]
  2973 | D:2      | Reached XP level 5. HP: 22/42 MP: 5/5
  3431 | D:3      | Noticed Natasha
  3439 | D:3      | Killed Natasha
  3521 | D:3      | Reached XP level 6. HP: 37/48 MP: 6/6
  3530 | D:3      | Reached skill level 5 in Long Blades
  3855 | D:3      | Identified 2 scrolls of acquirement
  3855 | D:3      | Acquired 802 gold pieces
  3860 | D:3      | Acquired a +0 demon blade of venom
  4024 | D:3      | Reached *** piety under Trog
  4352 | D:3      | Noticed Natasha
  4357 | D:3      | Killed Natasha
  4358 | D:3      | Noticed Natasha
  4363 | D:3      | Killed Natasha
  4364 | D:3      | Reached XP level 7. HP: 45/54 MP: 5/7
  4682 | D:4      | Noticed Ijyb
  4701 | D:4      | Killed Ijyb
  4702 | D:4      | Reached skill level 6 in Long Blades
  5381 | D:4      | Reached **** piety under Trog
  5707 | D:4      | Noticed Robin
  5740 | D:4      | Killed Robin
  5877 | D:4      | Found a white marble altar of Elyvilon.
  6075 | D:5      | Entered Level 5 of the Dungeon
  6100 | D:5      | Reached skill level 7 in Long Blades
  6343 | D:5      | Reached XP level 8. HP: 61/61 MP: 8/8
  6386 | D:5      | Acquired a manual of Long Blades
  6640 | D:5      | Reached skill level 8 in Long Blades
  7469 | D:6      | Reached skill level 9 in Long Blades
  7584 | D:6      | Identified the +6 quarterstaff of Governance {venom, rElec
                  | rF+}
  7768 | D:6      | Reached skill level 5 in Fighting
  7801 | D:6      | Identified the +1 long sword "Huenneny" {vorpal, rElec
                  | Str+3 Int+2 Dex+2}
  7954 | D:6      | Reached skill level 10 in Long Blades
  7973 | D:6      | Reached XP level 9. HP: 62/68 MP: 5/9
  8122 | D:6      | Reached skill level 5 in Armour
  8244 | D:6      | Found a shimmering blue altar of Sif Muna.
  8301 | D:6      | Reached skill level 11 in Long Blades
  8580 | D:6      | Found a staircase to the Ecumenical Temple.
  8719 | Temple   | Entered the Ecumenical Temple
  8979 | D:7      | Found a sacrificial altar of Ru.
  9172 | D:7      | Found a shimmering altar of Xom.
  9180 | D:7      | Reached skill level 12 in Long Blades
  9453 | D:7      | Reached skill level 13 in Long Blades
  9591 | D:7      | Noticed Menkaure
  9597 | D:7      | Killed Menkaure
  9837 | D:8      | Reached XP level 10. HP: 76/76 MP: 10/10
  9893 | D:8      | Found a broken altar of Ashenzari.
  9941 | D:8      | Reached skill level 14 in Long Blades
 10419 | D:8      | Found a hazy altar of Hepliaklqana.
 10592 | D:8      | Found a staircase to the Lair.
 11109 | D:9      | Found a burning altar of Makhleb.
 11162 | D:9      | Reached ***** piety under Trog
 11397 | D:9      | Noticed a kobold demonologist
 11398 | D:9      | Noticed a kobold demonologist
 11398 | D:9      | Noticed a kobold demonologist
 11410 | D:9      | Noticed a sixfirhy
 11432 | D:9      | Noticed Grum
 11452 | D:9      | Slain by Grum

Illustrated notes

Levels and vault maps discovered:
D:1:      dpeg_arrival_solitude, layout_loops_ring,
          shapermc_ecumenical_altar_ellora
D:2:      minmay_angry_zag, layout_basic
D:3:      layout_loops_cross, minmay_guardbox, uniq_natasha
D:4:      layout_cave_pools, mainiacjoe_overflow_alcove_4, minivault_4,
          minmay_fractal_squares_gapless_5, uniq_robin, uniq_ijyb
D:5:      layout_basic
D:6:      layout_loops_corners, lemuel_tele_altar, minmay_temple_entry_poolview
D:7:      layout_rooms, nicolae_ru_great_annihilating_truth,
          lemuel_doored_altar, kennysheep_boxes, uniq_menkaure
D:8:      layout_basic, cheibrodos_ashenzari_chains,
          mainiacjoe_overflow_24_doors, lair_entry_dummy, grunt_ministairs_12
D:9:      layout_irregular_city, nicolae_overflow_crystal_walls, st_stairs_14,
          uniq_grum
Temple:   nicolae_temple_figure_zero

Skill      XL: |  1  2  3  4  5  6  7  8  9 10 |
---------------+-------------------------------+-----
Long Blades    | 4 5 7 10 13 14 | 14.4
Fighting       | 4 5 7 |  7.1
Armour         | 3 4 5 7 |  7.7
Dodging        | |  2.4

Action                   |  1- 3 |  4- 6 |  7- 9 | 10-12 || total
-------------------------+-------+-------+-------+-------++-------
Melee: Falchion          |   117 |   129 |       |       ||   246
       Demon blade       |       |    61 |   297 |   121 ||   479
       Long sword        |       |       |    21 |       ||    21
Invok: Berserk           |     3 |     2 |     5 |     2 ||    12
       Trog's Hand       |       |       |       |     1 ||     1
  Use: Scroll            |     3 |     3 |    12 |     2 ||    20
       Potion            |       |       |       |     1 ||     1
 Stab: Paralysed         |       |       |     1 |       ||     1
Armor: Animal skin       |    14 |       |       |       ||    14
       Chain mail        |    29 |    99 |   140 |       ||   268
       Plate armour      |       |       |    63 |    77 ||   140
Dodge: Dodged            |    79 |    74 |   124 |    40 ||   317

Table legend: (Time is in decaauts)
 A = Elapsed time spent in this place.
 B = Non-inter-level travel time spent in this place.
 C = Inter-level travel time spent in this place.
 D = Time resting spent in this place.
 E = Time spent auto-exploring this place.
 F = Levels seen in this place.
 G = Mean time per level.
                   A        B        C        D        E       F      G
               +--------+--------+--------+--------+--------+-----+--------+
         Total |  11486 |  11115 |    371 |   1554 |   7838 |  10 | 1148.6 |
       Dungeon |  11362 |  11000 |    362 |   1554 |   7726 |   9 | 1262.4 |
        Temple |    123 |    114 |      9 |      0 |    112 |   1 |  123.0 |
               +--------+--------+--------+--------+--------+-----+--------+

Top non-repeatable levels by time:
     D:2: 1886 daAuts
     D:1: 1595 daAuts
     D:4: 1435 daAuts
     D:5: 1384 daAuts
     D:6: 1308 daAuts
     D:8: 1259 daAuts
     D:3: 1243 daAuts
     D:7: 921 daAuts
     D:9: 327 daAuts
  Temple: 123 daAuts
